 Dungeon Crawl Stone Soup version 0.18.1-48-g4cf74bf (webtiles) character file.

119 Heedrag the Magician (level 4, -4/24 HPs)
             Began as a Deep Elf Conjurer on July 23, 2016.
             Killed by nerve-wracking pain
             ... invoked by an orc priest
              (14 damage)
             ... on level 3 of the Dungeon.
             The game lasted 00:03:58 (1756 turns).

Heedrag the Magician (Deep Elf Conjurer)            Turns: 1756, Time: 00:03:59

Health: -4/24      AC:  2    Str:  6    XL:     4   Next: 74%
Magic:  0/14       EV: 13    Int: 20    God:
Gold:   195        SH:  0    Dex: 15    Spells: 2 memorised, 12 levels left

rFire  . . .     SeeInvis .     m - +0 dagger
rCold  . . .     Gourm    .     a - +0 robe
rNeg   + . .     Faith    .     (no shield)
rPois  .         Spirit   .     (no helmet)
rElec  .         Dismiss  .     (no cloak)
rCorr  .         Reflect  .     (no gloves)
SustAt .         Harm     .     (no boots)
MR     .....                    (no amulet)
Stlth  ++........               (no ring)
                                s - ring of positive energy

@: not resistant to hostile enchantments, unstealthy
A: no striking features
a: no special abilities


You were on level 3 of the Dungeon.
You were not hungry.

You visited 1 branch of the dungeon, and saw 3 of its levels.

You collected 195 gold pieces.

Inventory:

Hand Weapons
 m - a +0 dagger (weapon)
Missiles
 k - 50 stones (quivered)
 l - 7 javelins
Armour
 a - a +0 robe (worn)
Jewellery
 s - a ring of positive energy (left hand)
Scrolls
 e - a scroll of amnesia {unknown}
 f - a scroll of noise {unknown}
 g - 2 scrolls of remove curse {unknown}
 h - a scroll of magic mapping {unknown}
 i - 3 scrolls of identify {unknown}
 j - a scroll of recharging {unknown}
 r - a scroll of immolation {unknown}
 t - a scroll of fear {unknown}
 u - a scroll of fog {unknown}
Potions
 d - 3 potions of brilliance {unknown}
 p - 2 potions of flight {unknown}
 q - 4 potions of curing {unknown}
 v - a potion of lignification {unknown}
Books
 b - a book of Conjurations

   Spells                             Type                      Level
   a - Magic Dart                     Conjuration                  1
   b - Searing Ray                    Conjuration                  2
   c - Dazzling Spray                 Conjuration/Hexes            3
   d - Fulminant Prism                Conjuration/Hexes            4
   e - Iskenderun's Mystic Blast      Conjuration                  4
   f - Iskenderun's Battlesphere      Conjuration/Charms           5
 w - a book of Alchemy

   Spells                             Type                      Level
   a - Sublimation of Blood           Necromancy                   2
   b - Ignite Poison                  Fire/Transmutation/Poison    3
   c - Petrify                        Transmutation/Earth          4
   d - Alistair's Intoxication        Transmutation/Poison         5
   e - Irradiate                      Conjuration/Transmutation    5
Comestibles
 c - 2 bread rations
 n - a meat ration
 o - 2 slices of pizza
 x - a chunk of flesh


   Skills:
 - Level 2.4 Dodging
 - Level 2.4 Stealth
 * Level 6.8 Spellcasting
 - Level 4.3 Conjurations


You had 12 spell levels left.
You knew the following spells:

 Your Spells              Type           Power        Failure   Level  Hunger
a - Magic Dart            Conj           ###.         1%          1    None
b - Dazzling Spray        Conj/Hex       ###...       14%         3    #......


Dungeon Overview and Level Annotations

Branches:
Dungeon (3/15)

Altars:


Message History

Castin': Magic Dart Confirm wit' . or Enter, or press ? or * ta list all spells.
Aimin': Magic Dart
Press: ? - help, Shift-Dir - straight line, f/p - orc wizard
Aim: an orc wizard, wieldin' a dagger an' wearin' a robe (almost dead) Tha magic dart hits tha orc wizard.
Ye kill tha orc wizard!
Tha orc priest mumbles some strange prayers ta Beogh against ye.
Pain shoots through yer body!
Ouch! Tha re'lly hurt!
Castin': Magic Dart Confirm wit' . or Enter, or press ? or * ta list all spells.
Aimin': Dazzlin' Spray
Press: ? - help, Shift-Dir - straight line, f - orc priest
Aim: an orc priest, wieldin' a mace an' wearin' a rin' mail Tha spray o' energy misses tha orc priest.
Tha orc priest calls down tha wrath o' Beogh upon ye.
Pain shoots through yer body!
Ouch! Tha re'lly hurt!
Ye die...

#.........#..##..##.#
###.........##.....#..#
............###..#)..##
............###.##...####
#...........#.###.....#
.##....o....#...# #.###.#
.........)..##...##.# .#
..ยง...###.###..#..#.# .#
...... #@###.#.....# ..
..... #..##. ....... ..
.... #####. ....... ...
.. .. ....... ... . ..
.......


You could see an orc priest.

Vanquished Creatures
  An orc wizard (D:3)
  Jessica (D:3)
  2 adders (D:2)
  A worm (D:2)
  2 dart slugs (D:1)
  A giant gecko (D:1)
  An orc (D:3)
  6 bats
  2 giant cockroaches (D:1)
  8 goblins
  4 hobgoblins
  2 giant newts (D:2)
  5 kobolds
  6 rats
42 creatures vanquished.

Notes
Turn   | Place    | Note
--------------------------------------------------------------
     0 | D:1      | Heedrag the Deep Elf Conjurer began the quest for the Orb.
     0 | D:1      | Reached XP level 1. HP: 10/10 MP: 6/6
   237 | D:1      | Reached XP level 2. HP: 15/15 MP: 5/8
   247 | D:1      | Reached skill level 4 in Spellcasting
   831 | D:1      | Reached XP level 3. HP: 19/19 MP: 4/11
   836 | D:1      | Learned a level 3 spell: Dazzling Spray
   885 | D:2      | Reached skill level 5 in Spellcasting
  1705 | D:3      | Noticed Jessica
  1713 | D:3      | Killed Jessica
  1713 | D:3      | Reached skill level 6 in Spellcasting
  1713 | D:3      | Reached XP level 4. HP: 24/24 MP: 7/14
  1756 | D:3      | Killed from afar by an orc priest

Skill      XL: |  1  2  3 |
---------------+----------+-----
Spellcasting   | 4 6 |  6.8
Dodging        | |  2.4
Stealth        | |  2.4
Conjurations   | |  4.3

Action                   |  1- 3 |  4- 6 || total
-------------------------+-------+-------++-------
 Cast: Magic Dart        |    72 |    11 ||    83
       Dazzling Spray    |       |     1 ||     1
  Eat: Chunk             |     2 |       ||     2
Dodge: Dodged            |     3 |     1 ||     4
